 Dungeon Crawl Stone Soup version 0.23.2-40-g277498a001 (webtiles) character file.

Game seed: 1182255364816161100

7067 Houdini the Ducker (level 11, -2/79 HPs)
             Began as a Human Skald on Sept 10, 2019.
             Was a Priest of Wu Jian.
             Slain by an unseen horror (7 damage)
             ... on level 11 of the Dungeon.
             The game lasted 01:43:30 (15209 turns).

Houdini the Ducker (Human Skald)                   Turns: 15209, Time: 01:43:31

Health: -2/79      AC:  7    Str: 15    XL:     11   Next: 30%
Magic:  0/17       EV: 16    Int: 15    God:    Wu Jian [***...]
Gold:   603        SH:  7    Dex: 14    Spells: 2/18 levels left

rFire    + . .     SeeInvis .   a - +9 falchion "Arbiter" {distort, Str+3}
rCold    . . .     Gourm    .   s - +2 buckler
rNeg     . . .     Faith    .   I - +2 leather armour {rF+}
rPois    .         Spirit   +   (no helmet)
rElec    .         Reflect  .   y - +1 cloak
rCorr    .         Harm     .   (no gloves)
MR       +....                  (no boots)
Stlth    +++.......             E - amulet of guardian spirit
HPRegen  0.23/turn              z - ring of protection from magic
MPRegen  0.15/turn              (no ring)

@: marked, infused (expiring), very slightly contaminated
A: no striking features
a: Wall Jump, Serpent's Lash, Renounce Religion


You were on level 11 of the Dungeon.
You worshipped Wu Jian.
Wu Jian was most pleased with you.
You were hungry.

You visited 2 branches of the dungeon, and saw 12 of its levels.
You also visited: Ossuary.

You collected 603 gold pieces.

Inventory:

Hand Weapons
 a - the +9 falchion "Arbiter" (weapon) {distort, Str+3}
   (You found it on level 10 of the Dungeon)

   It warps and distorts space around it.
   Unwielding it can cause banishment or high damage.
   It affects your strength (+3).
 b - a +0 arbalest of flaming
 i - a +3 scimitar of venom
 o - a +4 war axe of freezing
 q - a +3 whip
 Q - a +2 dagger of speed
Missiles
 g - 165 stones
 p - 12 tomahawks (quivered)
Armour
 s - a +2 buckler (worn)
 y - a +1 cloak (worn)
 B - a +0 crystal plate armour
 I - a +2 leather armour of fire resistance (worn)
Jewellery
 c - an uncursed ring of protection from cold {unknown}
 z - a ring of protection from magic (left hand)
 A - an uncursed ring of protection from fire {unknown}
 E - an amulet of guardian spirit (around neck)
 P - an uncursed ring of flight {unknown}
Wands
 e - a wand of random effects (40)
 j - a wand of acid (18)
 x - a wand of clouds (2)
 N - a wand of disintegration (7)
Scrolls
 f - a scroll of blinking
 l - a scroll of magic mapping
 m - a scroll of enchant weapon {unknown}
 v - a scroll of identify
 G - 3 scrolls of fog
Potions
 h - 4 potions of brilliance
 k - 2 potions of might
 n - a potion of agility
 r - a potion of curing
 t - 4 potions of flight
 u - 4 potions of mutation
 w - a potion of invisibility {unknown}
 C - a potion of berserk rage {unknown}
 F - 2 potions of resistance
 H - a potion of degeneration {unknown}
 J - 2 potions of magic
 L - a potion of lignification {unknown}
 O - 3 potions of haste
Comestibles
 d - 10 rations
 D - 9 chunks of flesh


   Skills:
 - Level 5.1 Fighting
 - Level 7.2(7.8) Short Blades
 * Level 4.5(6.5) Long Blades
 - Level 3.0 Throwing
 - Level 1.1 Armour
 + Level 7.7 Dodging
 - Level 4.6 Stealth
 + Level 4.4 Shields
 - Level 4.0 Spellcasting
 + Level 1.4 Conjurations
 - Level 2.3 Hexes
 - Level 5.0 Charms
 - Level 3.2 Necromancy
 - Level 2.0 Translocations
 - Level 4.1 Evocations


You had 2 spell levels left.
You knew the following spells:

 Your Spells              Type           Power        Failure   Level  Hunger
a - Infusion              Chrm           ###.         2%          1    None
b - Shroud of Golubria    Chrm/Tloc      ##........   8%          2    ##.....
c - Regeneration          Chrm/Necr      ###.......   12%         3    ###....
d - Spectral Weapon       Hex/Chrm       ##......     14%         3    ###....
e - Song of Slaying       Chrm           ###.....     4%          2    ##.....
f - Iskenderun's Battles  Conj/Chrm      ##......     86%         5    ######.

Your spell library contained the following spells:

 Spells                   Type           Power        Failure   Level  Hunger
 Excruciating Wounds      Chrm/Necr      ###.......   75%         5    ######.
 Bolt of Draining         Conj/Necr      ##........   93%         5    ######.
 Borgnjor's Vile Clutch   Necr/Erth      #.........   97%         5    ######.


Dungeon Overview and Level Annotations

Branches:
Dungeon (11/15)            Temple (1/1) D:5            Lair (0/6) D:9
    Orc: D:9-12

Altars:
Ashenzari
Cheibriados
Dithmenos
Elyvilon
Fedhas
Gozag
Hepliaklqana
Kikubaaqudgha
Makhleb
Nemelex Xobeh
Okawaru
Qazlal
Ru
Sif Muna
Trog
Uskayaw
Vehumet
Wu Jian
Xom
Yredelemnul
Zin
The Shining One

Annotations:
D:2 Sigmund
D:4 2 transporters
D:8 exclusion: hornet


Message History

Something barely misses you. x2
You spin and attack the yak.
You completely miss the yak. Something hits you but does no damage.
The yak gores you but does no damage.
A scorpion comes into view.
Something barely misses you.
A leopard gecko comes into view.
Something completely misses you. Something hits you.
* * * LOW HITPOINT WARNING * * *
Something hits you.
* * * LOW HITPOINT WARNING * * *
Something hits you but does no damage.
The bullfrog releases a deep croak.
Something hits you.
* * * LOW HITPOINT WARNING * * *
Something hits you.
* * * LOW HITPOINT WARNING * * *
There is a stone staircase leading up, spattered with blood here.
Your magical infusion is running out.
Something closely misses you. Something hits you!
You die...

...# ...# #.........#
r..# ..........# ...#
#.........#
...#...#....l....#
...#...#.........#
...#...#.........#
...#...#......>..#
...#...#........@#
...#...#.......Y.#
...#...#.s..Fa...#
...)...#.........####.
...[)..................
#######################


You could see a yak, a bullfrog, a scorpion, a worker ant and a leopard gecko.

Vanquished Creatures
  Harold (D:10)
  Pikel (Temple)
  A komodo dragon (D:10)
  A troll (D:9)
  A hornet (D:8)
  Prince Ribbit (D:8)
  A hippogriff (D:11)
  Eustachio (D:5)
  A water moccasin (D:8)
  Duvessa (D:6)
  2 ice beasts
  A slave (D:4)
  4 orc warriors
  A black bear (D:10)
  2 sky beasts
  3 phantoms
  2 centaurs
  A necrophage (D:11)
  4 ogres
  Blork the orc (D:4)
  3 elf zombies (Ossuary)
  A big kobold (D:7)
  A wyvern skeleton (D:8)
  Dowan (D:6)
  5 scorpions
  4 wights (D:7)
  4 howler monkeys
  3 crimson imps
  2 centaur zombies (Ossuary)
  4 hounds
  A quasit (D:9)
  A human zombie (Ossuary)
  5 jellies
  A bullfrog skeleton (D:4)
  A centaur skeleton (D:11)
  4 orc priests
  Crazy Yiuf (D:3)
  4 iguanas
  Jessica (D:3)
  Ijyb (D:3)
  Terence (D:2)
  7 orc wizards
  11 worker ants
  A big kobold zombie (Ossuary)
  A hound zombie (Ossuary)
  4 mummies
  8 adders
  6 oozes
  2 adder zombies
  2 worms
  3 dart slugs
  4 leopard geckos
  37 orcs
  10 bats
  3 giant cockroaches
  5 goblins
  6 hobgoblins
  15 jackals
  5 quokkas
  A ball python skeleton (D:4)
  4 frilled lizards
  A gnoll zombie (Ossuary)
  4 goblin zombies (Ossuary)
  4 hobgoblin zombies (Ossuary)
  9 kobolds
  3 kobold zombies (Ossuary)
  4 orc zombies (Ossuary)
  2 quokka skeletons
  5 quokka zombies (Ossuary)
  10 rats
  5 rat zombies (Ossuary)
262 creatures vanquished.

Vanquished Creatures (others)
  A centaur zombie (D:10)
  A bullfrog zombie (D:10)
  A worker ant (D:10)
  2 spectral weapons
5 creatures vanquished.

Grand Total: 267 creatures vanquished

Notes
Turn   | Place    | Note
-------+----------+-------------------------------------------
     0 | D:1      | Houdini the Human Skald began the quest for the Orb.
     0 | D:1      | Reached XP level 1. HP: 16/16 MP: 3/3
   239 | D:1      | Reached XP level 2. HP: 18/22 MP: 5/5
   371 | D:1      | Reached skill level 1 in Shields
   393 | D:1      | Reached XP level 3. HP: 13/28 MP: 0/6
   776 | D:1      | Learned a level 2 spell: Shroud of Golubria
   780 | D:1      | Learned a level 3 spell: Regeneration
   950 | D:2      | Reached XP level 4. HP: 32/35 MP: 1/7
  1060 | D:2      | Noticed Terence
  1082 | D:2      | Killed Terence
  1249 | D:2      | Noticed Sigmund
  1721 | D:3      | Reached XP level 5. HP: 41/41 MP: 2/8
  1736 | D:3      | Reached skill level 1 in Necromancy
  1736 | D:3      | Reached skill level 1 in Translocations
  1947 | D:3      | Noticed Jessica
  1964 | D:3      | Killed Jessica
  2077 | D:3      | Noticed Ijyb
  2105 | D:3      | Killed Ijyb
  2192 | D:3      | Found a runed translucent door.
  2193 | D:3      | Noticed Crazy Yiuf
  2231 | D:3      | Killed Crazy Yiuf
  2231 | D:3      | Reached XP level 6. HP: 46/47 MP: 1/9
  2648 | D:3      | Found a snail-covered altar of Cheibriados.
  3435 | D:4      | Noticed a phantom
  3639 | D:4      | Killed a phantom
  3639 | D:4      | Reached XP level 7. HP: 23/52 MP: 0/11
  3644 | D:4      | Learned a level 3 spell: Spectral Weapon
  3647 | D:4      | Learned a level 2 spell: Song of Slaying
  4285 | D:4      | Found a transporter.
  4291 | D:4      | Found a transporter.
  4328 | D:4      | Reached skill level 1 in Throwing
  4328 | D:4      | Reached skill level 1 in Hexes
  4328 | D:4      | Reached skill level 1 in Evocations
  4779 | D:5      | Entered Level 5 of the Dungeon
  4803 | D:5      | Noticed Blork the orc
  4803 | D:5      | Noticed Eustachio
  4829 | D:5      | Killed Eustachio
  4829 | D:5      | Reached XP level 8. HP: 58/58 MP: 12/12
  5525 | D:5      | Noticed Pikel
  5964 | D:4      | Killed Blork the orc
  6081 | D:4      | Reached XP level 9. HP: 48/65 MP: 1/13
  6104 | D:5      | Found a staircase to the Ecumenical Temple.
  6126 | Temple   | Entered the Ecumenical Temple
  6176 | Temple   | Became a worshipper of the Wu Jian Council
  6397 | Temple   | Killed Pikel
  6397 | Temple   | Reached skill level 5 in Fighting
  6397 | Temple   | Reached skill level 5 in Dodging
  7052 | D:6      | Found a sand-covered staircase.
  7064 | Ossuary  | Entered an ossuary
  7168 | Ossuary  | Reached skill level 1 in Short Blades
  7260 | Ossuary  | Reached * piety under Wu Jian
  7746 | D:6      | Noticed Duvessa
  7746 | D:6      | Noticed Dowan
  7936 | D:7      | Reached skill level 1 in Stealth
  8476 | D:7      | Reached XP level 10. HP: 43/74 MP: 1/14
  9027 | D:8      | Noticed Prince Ribbit
  9058 | D:8      | Killed Prince Ribbit
  9058 | D:8      | Reached skill level 5 in Short Blades
  9075 | D:8      | Reached ** piety under Wu Jian
 10372 | D:8      | Noticed a seven-headed hydra
 11178 | D:6      | Killed Dowan
 11219 | D:6      | Killed Duvessa
 12862 | D:9      | Found a staircase to the Lair.
 12926 | D:9      | Identified a scroll of acquirement
 12926 | D:9      | Identified the Guide on Stolen Souls and Protection (You
                  | acquired it on level 9 of the Dungeon)
 12934 | D:10     | Entered Level 10 of the Dungeon
 13301 | D:10     | Got an ancient falchion
 13302 | D:10     | Identified the +9 falchion "Arbiter" {distort, Str+3} (You
                  | found it on level 10 of the Dungeon)
 13499 | D:10     | Noticed Harold
 13613 | D:10     | Killed Harold
 13613 | D:10     | Reached XP level 11. HP: 23/79 MP: 1/16
 14368 | D:10     | Learned a level 5 spell: Iskenderun's Battlesphere
 14696 | D:8      | Paralysed by a hornet for 3 turns
 14702 | D:8      | Reached skill level 1 in Conjurations
 15106 | D:11     | Reached *** piety under Wu Jian
 15153 | D:11     | Reached skill level 5 in Charms
 15209 | D:11     | Slain by an unseen horror

Skill      XL: |  1  2  3  4  5  6  7  8  9 10 11 |
---------------+----------------------------------+-----
Shields        | 1 2 3 4 |  4.4
Fighting       | 3 5 |  5.1
Necromancy     | 1 2 3 |  3.2
Translocations | 1 2 |  2.0
Spellcasting   | 3 4 |  4.0
Charms         | 4 5 |  5.0
Throwing       | 2 3 |  3.0
Hexes          | 2 |  2.3
Evocations     | 2 4 |  4.1
Dodging        | 4 6 7 |  7.7
Short Blades   | 4 7 |  7.2
Stealth        | 2 4 |  4.6
Long Blades    | 3 4 |  4.5
Conjurations   | 1 |  1.4
Armour         | |  1.1

Action                   |  1- 3 |  4- 6 |  7- 9 | 10-12 || total
-------------------------+-------+-------+-------+-------++-------
Melee: Falchion          |   118 |     2 |       |    75 ||   195
       Dagger            |       |   344 |   874 |   692 ||  1910
       Scimitar          |       |       |       |    11 ||    11
Throw: Stone             |       |     6 |     3 |     3 ||    12
       Tomahawk          |       |       |       |    14 ||    14
       Throwing net      |       |       |       |     3 ||     3
 Cast: Infusion          |     3 |    13 |    29 |    26 ||    71
       Shroud of Golubri |     1 |     8 |    22 |    15 ||    46
       Regeneration      |       |       |     5 |     4 ||     9
       Song of Slaying   |       |       |     3 |     1 ||     4
       Spectral Weapon   |       |       |     3 |     4 ||     7
Invok: Whirlwind         |       |       |    62 |   197 ||   259
       Lunge             |       |       |    37 |    95 ||   132
Evoke: Wand              |       |       |    11 |    13 ||    24
  Use: Scroll            |       |     5 |     3 |    21 ||    29
       Potion            |       |       |     1 |     5 ||     6
 Stab: Confused          |       |       |     3 |       ||     3
       Distracted        |       |       |     2 |       ||     2
       Sleeping          |       |       |       |     8 ||     8
  Eat: Chunk             |       |     6 |     9 |    15 ||    30
       Ration            |       |     1 |     3 |     3 ||     7
Armor: Leather armour    |    31 |    36 |   100 |    86 ||   253
Dodge: Dodged            |    88 |    80 |   246 |   238 ||   652
Block: Buckler           |    37 |    50 |   118 |   124 ||   329
       Rpst.: Falchion   |    28 |     1 |       |     7 ||    36
       Scimitar          |       |       |       |     2 ||     2
